 Dungeon Crawl Stone Soup version 0.28-a0-1199-gef9e1dbd39 (webtiles) character file.

Game seed: 11518131333045355969

1767 ytrimaz the Insei (level 9, -6/69 HPs)
             Began as an Octopode Transmuter on Dec 19, 2021.
             Was an Initiate of Ashenzari.
             Mangled by a death yak (24 damage)
             ... on level 8 of the Dungeon.
             The game lasted 00:09:12 (9714 turns).

ytrimaz the Insei (Octopode Transmuter)             Turns: 9714, Time: 00:09:12

Health: -6/69      AC: 10    Str: 10    XL:     9   Next: 7%
Magic:  13/16      EV: 11    Int: 19    God:    Ashenzari [......]
Gold:   1170       SH:  0    Dex: 12    Spells: 8/18 levels left

rFire   x . .      SeeInvis .     - Unarmed
rCold   + + +      Faith    .   (shield currently unavailable)
rNeg    . . .      Spirit   .   (helmet currently unavailable)
rPois   +          Reflect  .   (no amulet)
rElec   .          Harm     .   v - ring of the Lashed Seer {rCorr, Cun, Evo} (curse)
rCorr   +          Rampage  .   u - +4 ring of protection
Will    .....                   (no ring)
Stlth   +.........              (no ring)
HPRegen 0.21/turn               (no ring)
MPRegen 0.15/turn               (no ring)
                                (no ring)
                                (no ring)

@: ice-form (expiring), attractive, very slightly contaminated
A: freezing attack, boosted hp, almost no armour, amphibious, 8 rings, large,
(camouflage 1), (gelatinous body 1), (nimble swimmer 1), (tentacles)
a: End Transformation, Renounce Religion, Shatter the Chains


You were on level 8 of the Dungeon.
You worshipped Ashenzari.
Ashenzari was noncommittal.
You were a creature of crystalline ice.
You visited 2 branches of the dungeon, and saw 9 of its levels.

You collected 1170 gold pieces.

Inventory:

Missiles
 d - 2 throwing nets
Jewellery
 b - a ring of ice
 u - a +4 ring of protection (right front paw)
 v - the cursed ring of the Lashed Seer (left front paw) {rCorr, Cun, Evo}
   (You found it on level 7 of the Dungeon)

   [ring of resist corrosion]

   rCorr:     It protects you from acid and corrosion.
   It has a curse which improves the following skills: Cunning: Dodging and
   Stealth.
   Evocations: Evocations.
Wands
 g - a wand of digging (4)
 h - a wand of paralysis (8)
 l - a wand of acid (10)
 q - a wand of flame (17)
Scrolls
 c - 2 scrolls of fog
 f - 3 scrolls of magic mapping
 i - 2 scrolls of fear
 k - a scroll of immolation
 n - 3 scrolls of enchant weapon
 p - 2 scrolls of vulnerability
 t - a scroll of amnesia {unknown}
 w - a scroll of acquirement
 x - a scroll of identify
Potions
 a - a potion of heal wounds
 j - a potion of resistance
 m - a potion of brilliance {unknown}
 o - a potion of haste {unknown}
 r - a potion of ambrosia {unknown}
 s - a potion of flight {unknown}
 z - a potion of curing


   Skills:
 * Level 4.1 Fighting
 * Level 4.5(5.0) Dodging
 + Level 6.2 Unarmed Combat
 * Level 5.0 Spellcasting
 * Level 5.0 Transmutations
 * Level 1.2 Ice Magic
 - Level 4.0 Poison Magic


You had 8 spell levels left.
You knew the following spells:

 Your Spells              Type           Power      Damage    Failure   Level
a - Beastly Appendage     Tmut           48%        N/A       1%          1
b - Wereblood             Tmut           24%        N/A       2%          2
c - Spider Form           Tmut/Pois      22%        N/A       6%          3
d - Ice Form              Ice/Tmut       16%        N/A       34%         4

Your spell library contained the following spells:

 Spells                   Type           Power      Damage    Failure   Level
 Animate Skeleton         Necr           8%         N/A       12%         1
 Apportation              Tloc           8%         N/A       12%         1
 Summon Small Mammal      Summ           16%        N/A       12%         1


Dungeon Overview and Level Annotations

Branches:
Dungeon (8/15)             Temple (1/1) D:6
   Lair: D:8-11

Altars:
Ashenzari
Cheibriados
Dithmenos
Elyvilon
Fedhas
Gozag
Hepliaklqana
Kikubaaqudgha
Makhleb
Nemelex Xobeh
Okawaru
Qazlal
Ru
Sif Muna
Uskayaw
Vehumet
Wu Jian
Xom
Yredelemnul
Zin
The Shining One
Beogh

Shops:
D:7 [

Annotations:
D:3 3 runed translucent doors, ytrimaz's ghost, weakling OpTm
D:6 exclusion: steam dragon


Innate Abilities, Weirdness & Mutations

You are a creature of crystalline ice.
You have a powerful freezing melee attack.
Your maximum health is increased.
Your armour is entirely melded.
You are incapable of wielding weapons or throwing items.
You cannot wear most types of armour.
You are amphibious.
You can wear up to eight rings at the same time.
((Your skin changes colour to match your surroundings (Stealth+).))
((Your rubbery body absorbs attacks. (AC +1, EV +1)))
((You are camouflaged near water. (Stealth+)))
((You have tentacles for arms and can constrict up to eight enemies at once.))


Message History

The death yak bellows!
You hear a bellow!
A river rat comes into view.
There are monsters nearby!
There are monsters nearby!
Casting: Ice Form (quite dangerous; 34% risk of failure)
Confirm with . or Enter, or press ? or * to list all spells.
The spell is quite dangerous to miscast (34% risk of failure)!
Continue anyway?
Okay, then.
Casting: Ice Form (quite dangerous; 34% risk of failure)
Confirm with . or Enter, or press ? or * to list all spells.
The spell is quite dangerous to miscast (34% risk of failure)!
Continue anyway?
You miscast Ice Form.
You are very lightly contaminated with residual magic.
You are encased in ice.
You resist.
Unknown command.
It was a potion of attraction.
You feel attractive to monsters.
You punch the death yak! You freeze the death yak.
The death yak is moderately wounded.
The death yak barely misses you.
You punch the death yak! You freeze the death yak.
The death yak is heavily wounded.
The death yak gores you!!
You punch the death yak! You freeze the death yak.
The death yak is severely wounded.
The death yak gores you!
You pummel the death yak!! You freeze the death yak.
The death yak is almost dead.
Your transformation is almost over.
A death yak comes into view.
The death yak is attracted toward you.
You hit the death yak but do no damage.
The death yak is almost dead.
The death yak gores you!!
* * * LOW HITPOINT WARNING * * *
Unknown command.
You hit the death yak. You freeze the death yak.
The death yak is almost dead.
The death yak gores you!!
You die...

# # #. ..$##
.#.#.#.## .....
.....#....(....
........#.Y..#r
........ยง......
#.# #Y# #Y# #Y#
#.# #.# #.#
########.#
.........#
.#######.# #.#
#.# #.# #.#


You could see 2 death yaks.

Vanquished Creatures
  A sky beast (D:7)
  A black bear (D:5)
  2 necrophages
  2 ice beasts
  A centaur (D:5)
  A bullfrog (D:8)
  A water moccasin zombie (D:6)
  A water moccasin skeleton (D:2)
  3 killer bees (D:7)
  A bullfrog zombie (D:7)
  6 howler monkeys (D:7)
  A centaur skeleton (D:6)
  An orc priest (D:5)
  A hound (D:7)
  3 jellies
  4 iguanas
  3 orc wizards
  A mummy (D:7)
  2 howler monkey skeletons
  4 gnolls
  5 adders
  An ufetubus (D:5)
  2 worms
  5 dart slugs
  19 orcs
  9 ball pythons
  9 endoplasms
  2 giant cockroaches
  3 goblins
  5 hobgoblins
  6 quokkas
  8 bats
  3 frilled lizards
  A hobgoblin zombie (D:7)
  4 kobolds
  3 orc zombies (D:7)
  4 rats
129 creatures vanquished.

Vanquished Creatures (others)
  2 plants (D:6)
2 creatures vanquished.

Grand Total: 131 creatures vanquished

Notes
Turn   | Place    | Note
-------+----------+-------------------------------------------
     0 | D:1      | ytrimaz the Octopode Transmuter began the quest for the
                  | Orb.
     0 | D:1      | Reached XP level 1. HP: 13/13 MP: 3/3
   436 | D:1      | Reached XP level 2. HP: 15/18 MP: 3/5
   790 | D:1      | Reached XP level 3. HP: 17/23 MP: 6/6
   793 | D:1      | Learned a level 2 spell: Wereblood
   797 | D:1      | Learned a level 3 spell: Spider Form
  1375 | D:1      | Found a faded altar of an unknown god.
  2100 | D:2      | Reached XP level 4. HP: 28/28 MP: 5/7
  2175 | D:2      | Identified a scroll of acquirement
  2175 | D:2      | Acquired 780 gold pieces
  2843 | D:3      | Reached XP level 5. HP: 24/34 MP: 2/9
  3298 | D:3      | Found a runed translucent gate.
  3299 | D:3      | Found a runed translucent gate.
  3300 | D:3      | Found a runed translucent gate.
  3302 | D:3      | Noticed ytrimaz's ghost (weakling OpTm)
  3760 | D:4      | Noticed a necrophage
  3769 | D:4      | Killed a necrophage
  3770 | D:4      | Reached skill level 4 in Unarmed Combat
  3770 | D:4      | Reached XP level 6. HP: 30/39 MP: 10/10
  4634 | D:5      | Entered Level 5 of the Dungeon
  4749 | D:5      | Reached skill level 1 in Poison Magic
  4749 | D:5      | Reached XP level 7. HP: 12/45 MP: 9/12
  5877 | D:6      | Found a staircase to the Ecumenical Temple.
  5903 | Temple   | Entered the Ecumenical Temple
  6123 | Temple   | Became a worshipper of Ashenzari the Shackled
  6844 | D:5      | Learned a level 4 spell: Ice Form
  6917 | D:6      | Reached skill level 5 in Unarmed Combat
  7054 | D:6      | Noticed a steam dragon
  7861 | D:7      | Reached XP level 8. HP: 49/52 MP: 7/14
  8766 | D:7      | Reached skill level 6 in Unarmed Combat
  9353 | D:7      | Found Lilob's Antique Armour Shoppe.
  9640 | D:8      | Reached skill level 5 in Spellcasting
  9640 | D:8      | Reached skill level 5 in Transmutations
  9640 | D:8      | Reached skill level 1 in Ice Magic
  9640 | D:8      | Reached XP level 9. HP: 52/58 MP: 12/16
  9703 | D:8      | Noticed a death yak
  9712 | D:8      | Noticed a death yak
  9714 | D:8      | Mangled by a death yak

Illustrated notes

Levels and vault maps discovered:
D:1:      evilmike_arrival_rings, layout_rooms,
          shapermc_ecumenical_altar_acropolis
D:2:      minmay_skewed_foursquare, layout_rooms, kennysheep_another_room,
          hangedman_decor_peaks_small, chequers_decorated_corner
D:3:      layout_rooms, biasface_ghost_orc_armoury, nrook_mini_backslash
D:4:      layout_loops_corners
D:5:      layout_cave_pools, kennysheep_generic_room_4
D:6:      layout_cave_pools, minmay_temple_entry_overgrown
D:7:      layout_cave_pods, serial_shops, nicolae_shop_behind_doors,
          minmay_mini_ossuary
D:8:      layout_loops_ring, mainiacjoe_overflow_six_doors_small,
          dpeg_lair_monsters, minmay_pinched_square, uniq_maggie, uniq_maurice
Temple:   mainiacjoe_temple_hex_bubbles

Skill      XL: |  1  2  3  4  5  6  7  8 |
---------------+-------------------------+-----
Fighting       | 2 3 4 |  4.1
Dodging        | 3 4 |  4.5
Unarmed Combat | 4 5 6 |  6.2
Spellcasting   | 3 4 5 |  5.0
Transmutations | 3 4 5 |  5.0
Poison Magic   | 1 2 4 |  4.0
Ice Magic      | 1 |  1.2

Action                   |  1- 3 |  4- 6 |  7- 9 || total
-------------------------+-------+-------+-------++-------
Melee: Unarmed           |    75 |   124 |   193 ||   392
       Constrict         |    18 |    12 |    12 ||    42
       Kick              |    11 |     8 |     2 ||    21
       Tentacles         |     9 |    11 |    10 ||    30
       Punch             |     1 |     1 |     1 ||     3
 Cast: Beastly Appendage |    13 |    12 |     6 ||    31
       Spider Form       |     1 |     4 |    11 ||    16
       Wereblood         |       |     1 |     5 ||     6
       Ice Form          |       |       |    11 ||    11
Invok: Curse Item        |       |       |     1 ||     1
Evoke: Wand              |       |       |     2 ||     2
  Use: Scroll            |     4 |     5 |     5 ||    14
       Potion            |       |       |     3 ||     3
 Stab: Sleeping          |     2 |     7 |     2 ||    11
Armor: Skin              |     2 |    10 |    48 ||    60
Dodge: Dodged            |    50 |   110 |   182 ||   342

Table legend: (Time is in decaauts)
 A = Elapsed time spent in this place.
 B = Non-inter-level travel time spent in this place.
 C = Inter-level travel time spent in this place.
 D = Time resting spent in this place.
 E = Time spent auto-exploring this place.
 F = Levels seen in this place.
 G = Mean time per level.
                   A        B        C        D        E       F      G
               +--------+--------+--------+--------+--------+-----+--------+
         Total |   9686 |   9336 |    350 |   1937 |   6062 |   9 | 1076.2 |
       Dungeon |   9432 |   9115 |    317 |   1937 |   5852 |   8 | 1179.0 |
        Temple |    254 |    221 |     33 |      0 |    210 |   1 |  254.0 |
               +--------+--------+--------+--------+--------+-----+--------+

Top non-repeatable levels by time:
     D:5: 2032 daAuts
     D:7: 1483 daAuts
     D:1: 1412 daAuts
     D:2: 1249 daAuts
     D:4: 1248 daAuts
     D:6: 964 daAuts
     D:3: 945 daAuts
  Temple: 254 daAuts
     D:8: 96 daAuts
